 Dungeon Crawl Stone Soup version 0.30.0-30-g96aa6591b8 (webtiles) character file.

Game seed: 13098086902106328020

28419 jtron the Protected (level 13, -7/148 (157) HPs)
             Began as a Gnoll Wanderer on June 30, 2023.
             Was a Believer of Elyvilon.
             Killed from afar by a tengu reaver (10 damage)
             ... with a bolt of poison
             ... on level 13 of the Dungeon.
             The game lasted 00:38:05 (12192 turns).

jtron the Protected (Gnoll Wanderer)               Turns: 12192, Time: 00:38:07

HP:   -7/148 (157)  AC: 37    Str: 18    XL:     13   Next: 38%
MP:   21/25         EV:  2    Int:  9    God:    Elyvilon [**....]
Gold: 1240          SH:  0    Dex: 16    Spells: 18/29 levels left

rFire   . . .        a - +4 quarterstaff (protect)
rCold   . . .        (shield currently unavailable)
rNeg    . . .        I - melded +2 ring mail {rPois}
rPois   +            v - melded +1 helmet
rElec   .            n - melded +2 cloak of the Armadillo {Harm Will+ rCorr}
rCorr   .            q - melded +1 pair of gloves
SInv    .            E - melded +1 pair of boots
Will    .....        u - amulet "Ageode" {Acrobat Str+3}
Stlth   ++++         x - +4 ring of protection
HPRegen 0.44/turn    r - +5 ring of evasion
MPRegen 0.19/turn

%: acrobat
@: lethally poisoned (-7 -> -24), tree-form, under a protective aura, drained
A: stationary, stasis, torment immunity, boosted hp, (fangs 1), strong nose,
distributed training
a: Renounce Religion, Purification, Heal Other


You were on level 13 of the Dungeon.
You worshipped Elyvilon.
Elyvilon was pleased with you.
You were a tree.
You visited 3 branches of the dungeon, and saw 15 of its levels.
You also visited: Bailey.

You collected 1473 gold pieces.
You spent 233 gold pieces at shops.

Inventory:

Hand Weapons
 a - a +4 quarterstaff of protection (weapon)
 b - a +0 sling of electrocution
 s - a +0 spear
Missiles
 i - 117 stones (quivered)
 j - 4 boomerangs
 k - 30 poisoned darts
 D - 2 javelins
Armour
 n - the +2 cloak of the Armadillo (melded) {Harm Will+ rCorr}
   (You bought it in a shop on level 6 of the Dungeon)

   rCorr:     It protects you from acid and corrosion.
   Harm:      It increases damage dealt and taken.
   Will:      It increases your willpower.
 q - a +1 pair of gloves (melded)
 v - a +1 helmet (melded)
 y - +0 steam dragon scales
 E - a +1 pair of boots (melded)
 I - a +2 ring mail of poison resistance (melded)
Jewellery
 e - a ring of protection from cold
 r - a +5 ring of evasion (right branch)
 u - the amulet "Ageode" (around neck) {Acrobat Str+3}
   (You acquired it on level 4 of the Dungeon)

   [amulet of the acrobat]

   It increases your evasion while moving and waiting.
   Str:       It affects your strength (+3).
 w - an amulet of reflection
 x - a +4 ring of protection (left branch)
 F - a +6 ring of strength
Wands
 c - a wand of acid (1)
 J - a wand of iceblast (12)
 L - a wand of charming (6)
Scrolls
 d - 3 scrolls of silence
 g - a scroll of magic mapping
 z - a scroll of vulnerability
 H - a scroll of amnesia
Potions
 f - 2 potions of lignification
 l - a potion of berserk rage {unknown}
 m - 2 potions of magic
 o - 2 potions of mutation
 p - 3 potions of heal wounds
 t - 2 potions of resistance
 A - 6 potions of curing
 C - a potion of haste
 G - a potion of attraction
 K - a potion of cancellation {unknown}
 M - a potion of brilliance {unknown}
Miscellaneous
 N - a phantom mirror (inert)


   Skills:
 + Level 10.8 Fighting
 + Level 8.5 Short Blades
 + Level 8.5 Long Blades
 + Level 8.5 Axes
 + Level 8.5 Maces & Flails
 + Level 9.0 Polearms
 + Level 10.8 Staves
 + Level 8.5 Ranged Weapons
 + Level 8.5 Throwing
 + Level 10.8 Armour
 + Level 8.5 Dodging
 + Level 8.5 Stealth
 + Level 8.5 Shields
 + Level 8.5 Unarmed Combat
 + Level 8.5 Spellcasting
 + Level 7.1 Conjurations
 + Level 7.1 Hexes
 + Level 7.1 Summonings
 + Level 7.1 Necromancy
 + Level 7.1 Translocations
 + Level 7.1 Transmutations
 + Level 7.1 Fire Magic
 + Level 7.1 Ice Magic
 + Level 7.1 Air Magic
 + Level 7.1 Earth Magic
 + Level 7.1 Poison Magic
 + Level 9.3 Invocations
 + Level 8.5 Evocations


You had 18 spell levels left.
You knew the following spells:

 Your Spells              Type           Power      Damage    Failure   Level
a - Apportation           Tloc           32%        N/A       1%          1
b - Blink                 Tloc           32%        N/A       1%          2
c - Momentum Strike       Conj/Tloc      32%        3d8       1%          2
d - Gell's Gravitas       Tloc           16%        N/A       2%          3
e - Teleport Other        Tloc           16%        N/A       2%          3

Your spell library contained the following spells:

 Spells                   Type           Power      Damage    Failure   Level
 Necrotise                Necr           64%        1d7       1%          1
 Lesser Beckoning         Tloc           32%        N/A       1%          2
 Vampiric Draining        Necr           16%        2d7       2%          3
 Animate Dead             Necr           16%        N/A       9%          4
 Agony                    Necr           16%        N/A       26%         5
 Alistair's Intoxication  Tmut/Pois      10%        N/A       26%         5
 Dispersal                Tloc           8%         N/A       80%         6
 Haunt                    Necr/Summ      8%         N/A       100%        7
 Infestation              Necr           8%         N/A       100%        8


Dungeon Overview and Level Annotations

Branches:
Dungeon (13/15)            Temple (1/1) D:4            Lair (1/5) D:11
    Orc (0/2) D:10         Vaults (0/5) D:13         Bailey (visited)

Altars:
Ashenzari
Cheibriados
Dithmenos
Elyvilon
Fedhas
Gozag
Hepliaklqana
Kikubaaqudgha
Makhleb
Nemelex Xobeh
Okawaru
Qazlal
Ru
Sif Muna
Trog
Uskayaw
Vehumet
Wu Jian
Xom
Yredelemnul
Zin
The Shining One

Shops:
D:6 *   D:8 *   D:10 *

Annotations:
D:13 2 transporters, Adaovve's ghost, journeyman TrFi; nroviw's ghost, journeyman DjCj


Innate Abilities, Weirdness & Mutations

You are a tree.
Your roots penetrate the ground, keeping you stationary.
You cannot be teleported.
You are immune to unholy pain and torment.
Your maximum health is greatly increased.
Your equipment is partially melded.
((You have very sharp teeth.))
Your uncanny sense of smell can sniff out nearby items.
Your experience applies equally to all skills.


Message History

Your +1 helmet melds into your body.
Your +1 pair of gloves melds into your body.
Your +1 pair of boots melds into your body.
Your +2 ring mail of poison resistance melds into your body.
You no longer feel resistant to poison.
Your roots penetrate the ground.
The tengu reaver hits you with a +4 long sword of electrocution.
You are electrocuted!
* * * LOW HITPOINT WARNING * * *
The tengu reaver pecks you but does no damage.
The tengu reaver claws you but does no damage.
You hit the tengu reaver but do no damage.
The tengu reaver hits you but does no damage.
The tengu reaver pecks you but does no damage.
The tengu reaver claws you but does no damage.
You hit the tengu reaver but do no damage.
The tengu reaver gestures at you while chanting.
The bolt of acid hits you!!
* * * LOW HITPOINT WARNING * * *
Press: ? - help, Dir - move target, f - fire giant Heal: a fire giant, wielding a +1 great sword of flaming (lightly wounded, chance to pacify: 7%)
The light of Elyvilon fails to reach the fire giant.
The tengu reaver hits you with a +4 long sword of electrocution!
* * * LOW HITPOINT WARNING * * *
The tengu reaver pecks you but does no damage.
The tengu reaver claws you but does no damage.
You thump the fire giant!
The fire giant is moderately wounded.
You sock the fire giant!
The fire giant is moderately wounded.
The tengu reaver hits you but does no damage.
The tengu reaver pecks you but does no damage.
The tengu reaver claws you but does no damage.
The fire giant hits you but does no damage.
You sock the fire giant!
The fire giant is heavily wounded.
The tengu reaver points at you and mumbles some strange words.
The bolt of poison hits you!
You are lethally poisoned!
You resist.
You die...

..#
...................##
..#
...................#
..#
.................##
..#
#...........######
..# #####...##### ..#
#...# .## ##.## .#
#.# .## #♣# #.#
#.C.Q.# .##
.†......... ##
......)........
#?(!.......[?$#
######...###### #####


You could see a fire giant and a tengu reaver.

Vanquished Creatures
  An ironbound preserver (D:13)
  A boulder beetle (D:13)
  2 centaur warriors
  6 two-headed ogres
  A deep elf pyromancer (D:12)
  2 cyclopes (D:13)
  Maggie (D:6)
  An unseen horror (D:12)
  A gargoyle (D:11)
  A kobold demonologist (D:8)
  An unseen horror (shapeshifter) (D:12)
  A freezing wraith (D:13)
  2 tengu conjurers (D:13)
  A queen bee (shapeshifter) (D:13)
  3 slime creatures
  3 shadows
  13 yaks
  4 wraiths
  Eustachio (D:4)
  15 vampire mosquitoes
  Edmund (D:6)
  2 wargs (D:11)
  A water moccasin (D:7)
  3 sky beasts
  2 orc warriors
  2 ogres (D:5)
  2 phantoms
  2 centaurs
  A kobold brigand (D:8)
  Blork the orc (D:6)
  3 bullfrogs
  2 scorpions
  4 wights (D:8)
  4 killer bees
  8 howler monkeys
  3 jellies
  3 hounds
  A gnoll bouda (D:6)
  4 orc priests
  A sleepcap (D:7)
  5 iguanas
  8 orc wizards
  Robin (D:4)
  8 gnolls
  9 adders
  3 white imps
  An ufetubus (D:7)
  3 worms
  3 dart slugs
  19 orcs
  8 bats
  3 endoplasms
  21 goblins
  8 hobgoblins
  7 jackals
  13 kobolds
  4 quokkas
  7 ball pythons
  5 frilled lizards
  An orc zombie (Bailey)
  6 rats
254 creatures vanquished.

Vanquished Creatures (collateral kills)
  A deep elf pyromancer (D:13)
1 creature vanquished.

Vanquished Creatures (others)
  A two-headed ogre (D:11)
  A cyclops (D:13)
  A manticore (D:13)
  A wraith (D:13)
  A vampire (D:13)
  3 yaks (D:10)
  4 vampire mosquitoes
  A redback (D:13)
  A warg (D:11)
  A water moccasin (D:7)
  A wight (D:8)
  A howler monkey (D:13)
  An orc priest (D:11)
  2 orc wizards
  3 orcs
23 creatures vanquished.

Grand Total: 278 creatures vanquished

Notes
Turn   | Place    | Note
-------+----------+-------------------------------------------
     0 | D:1      | jtron the Gnoll Wanderer began the quest for the Orb.
     0 | D:1      | jtron set off with the following items: a +2 quarterstaff,
                  | a +0 spear, a +0 scale mail, a scroll of silence.
     0 | D:1      | Reached XP level 1. HP: 23/23 MP: 1/1
    49 | D:1      | Reached XP level 2. HP: 25/29 MP: 2/2
   584 | D:1      | Reached XP level 3. HP: 35/35 MP: 3/3
   773 | D:1      | Found a faded altar of an unknown god.
   815 | D:2      | Reached skill level 1 in Invocations
   855 | D:2      | Reached skill level 1 in Short Blades
   855 | D:2      | Reached skill level 1 in Long Blades
   855 | D:2      | Reached skill level 1 in Axes
   855 | D:2      | Reached skill level 1 in Maces & Flails
   855 | D:2      | Reached skill level 1 in Ranged Weapons
   855 | D:2      | Reached skill level 1 in Throwing
   855 | D:2      | Reached skill level 1 in Dodging
   855 | D:2      | Reached skill level 1 in Stealth
   855 | D:2      | Reached skill level 1 in Shields
   855 | D:2      | Reached skill level 1 in Unarmed Combat
   855 | D:2      | Reached skill level 1 in Spellcasting
   855 | D:2      | Reached skill level 1 in Evocations
   903 | D:2      | Reached XP level 4. HP: 41/41 MP: 5/5
  1000 | D:2      | Reached skill level 1 in Conjurations
  1000 | D:2      | Reached skill level 1 in Hexes
  1000 | D:2      | Reached skill level 1 in Summonings
  1000 | D:2      | Reached skill level 1 in Necromancy
  1000 | D:2      | Reached skill level 1 in Translocations
  1000 | D:2      | Reached skill level 1 in Transmutations
  1000 | D:2      | Reached skill level 1 in Fire Magic
  1000 | D:2      | Reached skill level 1 in Ice Magic
  1000 | D:2      | Reached skill level 1 in Air Magic
  1000 | D:2      | Reached skill level 1 in Earth Magic
  1000 | D:2      | Reached skill level 1 in Poison Magic
  1553 | D:3      | Reached XP level 5. HP: 14/47 MP: 5/7
  2085 | D:3      | Found a burning altar of Makhleb.
  2216 | D:3      | Found a radiant altar of Vehumet.
  2501 | D:4      | Found a staircase to the Ecumenical Temple.
  2540 | Temple   | Entered the Ecumenical Temple
  2709 | Temple   | Became a worshipper of Elyvilon the Healer
  2835 | D:4      | Noticed Eustachio
  2841 | D:4      | Noticed Robin
  2849 | D:4      | Reached XP level 6. HP: 51/53 MP: 8/8
  2853 | D:4      | Killed Eustachio
  2861 | D:4      | Killed Robin
  3100 | D:4      | Identified a scroll of acquirement
  3100 | D:4      | Acquired the amulet "Ageode" {Acrobat Str+3}
  3122 | D:5      | Entered Level 5 of the Dungeon
  3131 | D:5      | Reached XP level 7. HP: 60/60 MP: 10/10
  3250 | D:5      | Reached * piety under Elyvilon
  3343 | D:5      | Found a broken altar of Ashenzari.
  3445 | D:5      | Found a runed translucent door.
  3446 | D:5      | Noticed Crazy Yiuf
  3528 | D:5      | Found a hide-covered altar of Uskayaw.
  3716 | D:5      | Reached ** piety under Elyvilon
  3726 | D:5      | Reached XP level 8. HP: 58/67 MP: 12/12
  3809 | D:5      | Found a glowing silver altar of Zin.
  3812 | D:5      | Found a stormy altar of Qazlal.
  3814 | D:5      | Found a glowing golden altar of the Shining One.
  3919 | D:5      | Pacified Crazy Yiuf
  3974 | D:6      | Found an opulent altar of Gozag.
  4040 | D:6      | Found a shimmering altar of Xom.
  4160 | D:6      | Noticed Blork the orc
  4178 | D:6      | Killed Blork the orc
  4315 | D:6      | Found a sacrificial altar of Ru.
  4389 | D:6      | Noticed Edmund
  4402 | D:6      | Killed Edmund
  4565 | D:6      | Found Zujin's Assorted Antiques.
  4572 | D:6      | Reached XP level 9. HP: 73/73 MP: 9/14
  4611 | D:6      | Reached skill level 5 in Polearms
  4629 | D:6      | Bought a twisted cloak for 209 gold pieces
  4629 | D:6      | Identified the +2 cloak of the Armadillo {Harm Will+ rCorr}
                  | (You bought it in a shop on level 6 of the Dungeon)
  4699 | D:6      | Noticed Maggie
  4726 | D:6      | Killed Maggie
  5307 | D:7      | Reached skill level 5 in Invocations
  5363 | D:7      | Found a flagged portal.
  5393 | Bailey   | Entered a bailey
  5807 | D:7      | Reached *** piety under Elyvilon
  5933 | D:8      | Noticed a kobold demonologist
  5935 | D:8      | Noticed an ice devil
  6021 | D:8      | Reached skill level 5 in Short Blades
  6021 | D:8      | Reached skill level 5 in Long Blades
  6021 | D:8      | Reached skill level 5 in Axes
  6021 | D:8      | Reached skill level 5 in Maces & Flails
  6021 | D:8      | Reached skill level 5 in Ranged Weapons
  6021 | D:8      | Reached skill level 5 in Throwing
  6021 | D:8      | Reached skill level 5 in Dodging
  6021 | D:8      | Reached skill level 5 in Stealth
  6021 | D:8      | Reached skill level 5 in Shields
  6021 | D:8      | Reached skill level 5 in Unarmed Combat
  6021 | D:8      | Reached skill level 5 in Spellcasting
  6021 | D:8      | Reached skill level 5 in Evocations
  6021 | D:8      | Reached XP level 10. HP: 54/81 MP: 15/17
  6390 | D:8      | Found Juah's General Store.
  6395 | D:8      | Bought a scroll of identify for 24 gold pieces
  6680 | D:8      | Killed a kobold demonologist
  6751 | D:8      | Found a basalt altar of Yredelemnul.
  6891 | D:9      | Acquired 635 gold pieces
  7080 | D:9      | Found a bloodstained altar of Trog.
  7080 | D:9      | Found an iron altar of Okawaru.
  7102 | D:9      | Noticed a two-headed ogre
  7113 | D:9      | Elyvilon protects you from harm!
  7114 | D:9      | Killed a two-headed ogre
  7115 | D:9      | Reached skill level 5 in Conjurations
  7115 | D:9      | Reached skill level 5 in Hexes
  7115 | D:9      | Reached skill level 5 in Summonings
  7115 | D:9      | Reached skill level 5 in Necromancy
  7115 | D:9      | Reached skill level 5 in Translocations
  7115 | D:9      | Reached skill level 5 in Transmutations
  7115 | D:9      | Reached skill level 5 in Fire Magic
  7115 | D:9      | Reached skill level 5 in Ice Magic
  7115 | D:9      | Reached skill level 5 in Air Magic
  7115 | D:9      | Reached skill level 5 in Earth Magic
  7115 | D:9      | Reached skill level 5 in Poison Magic
  7115 | D:9      | Reached XP level 11. HP: 17/89 MP: 17/20
  7121 | D:9      | Noticed a two-headed ogre
  7270 | D:9      | Pacified a two-headed ogre
  7625 | D:10     | Entered Level 10 of the Dungeon
  7739 | D:10     | Found a staircase to the Orcish Mines.
  8142 | D:10     | Found Qaum's General Store.
  8156 | D:10     | Found a transporter.
  8160 | D:10     | Noticed Maurice
  8162 | D:10     | Pacified Maurice
  8436 | D:10     | Found a transporter.
  8477 | D:11     | Noticed a two-headed ogre
  8506 | D:10     | Killed a two-headed ogre
  8982 | D:11     | Noticed a two-headed ogre
  8985 | D:11     | Pacified a two-headed ogre
  8991 | D:11     | Noticed a two-headed ogre
  9005 | D:11     | Killed a two-headed ogre
  9006 | D:11     | Reached XP level 12. HP: 67/97 MP: 20/22
  9030 | D:11     | Killed a two-headed ogre
  9079 | D:11     | Found a staircase to the Lair.
  9081 | D:11     | Noticed a two-headed ogre
  9115 | D:11     | Pacified a two-headed ogre
  9131 | D:11     | Noticed Sonja
  9132 | D:11     | Pacified Sonja
  9202 | D:11     | Noticed a two-headed ogre
  9315 | D:11     | Killed a two-headed ogre
  9514 | Lair:1   | Entered Level 1 of the Lair of Beasts
  9604 | D:12     | Noticed a centaur warrior
  9614 | D:12     | Noticed a boulder beetle
  9676 | D:12     | Reached skill level 10 in Fighting
  9676 | D:12     | Reached skill level 10 in Staves
  9676 | D:12     | Reached skill level 10 in Armour
  9676 | D:12     | Pacified a boulder beetle
  9694 | D:12     | Killed a centaur warrior
  9909 | D:12     | Learned a level 1 spell: Apportation
  9912 | D:12     | Learned a level 2 spell: Blink
  9915 | D:12     | Learned a level 2 spell: Momentum Strike
  9919 | D:12     | Learned a level 3 spell: Gell's Gravitas
  9923 | D:12     | Learned a level 3 spell: Teleport Other
 10411 | D:13     | Found a transporter.
 10955 | D:13     | Noticed a catoblepas
 11006 | D:13     | Found a gate to the Vaults.
 11006 | D:13     | Noticed an ironbound preserver
 11025 | D:13     | Killed an ironbound preserver
 11184 | D:13     | Pacified a catoblepas
 11185 | D:13     | Reached XP level 13. HP: 104/104 MP: 22/25
 11633 | D:13     | Found a transporter.
 11683 | D:13     | Noticed nroviw's ghost (journeyman DjCj)
 11690 | D:13     | Noticed Adaovve's ghost (journeyman TrFi)
 12178 | D:13     | Noticed a tengu reaver
 12178 | D:13     | Noticed a fire giant
 12189 | D:13     | HP: 2/148 [tengu reaver/+4 long sword of electrocution (8)]
 12192 | D:13     | Killed from afar by a tengu reaver

Illustrated notes

Levels and vault maps discovered:
D:1:      heliophobic_arrival_henge, layout_basic,
          shapermc_ecumenical_altar_hornbeckon
D:2:      kennysheep_big_flooded_room, layout_rooms
D:3:      layout_basic, vehumet_crystals, bloody_makhleb
D:4:      layout_rooms, temple_fountains, uniq_robin, uniq_eustachio
D:5:      layout_cave_pools, mainiacjoe_overflow_cross_hatched,
          grunt_temple_overflow_diamond, cheibrodos_ashenzari_chains,
          uniq_crazy_yiuf_cottage
D:6:      layout_basic, grunt_gozag_breadcrumbs, kennysheep_mini,
          lemuel_round_altar, serial_shops, shop, nicolae_titane, uniq_edmund,
          uniq_maggie, uniq_blork_the_orc
D:7:      layout_loops_ring, enter_bailey_3
D:8:      layout_loops_ring, nicolae_overflow_hidden_temple, serial_shops, shop
D:9:      layout_small_grid, grunt_temple_overflow_bloody_war
D:10:     layout_irregular_city, orc_0_dummy, serial_shops, shop,
          nicolae_diode_stairs, uniq_maurice
D:11:     layout_rooms, erik_lair_orcish_takeover, gauntlet_entry_generic,
          grunt_ministairs_13, uniq_sonja
D:12:     layout_irregular_city, minmay_bent
D:13:     thingy_vault, layout_cave_pods, skrybe_vaults_entry_preservation,
          nzn_ghost_randoct
Temple:   chequers_temple_sunken
Lair:1:   layout_cave_pods, chequers_serial_rivers_micro_b,
          nzn_masters_of_martial_movement

Skill      XL: |  1  2  3  4  5  6  7  8  9 10 11 12 13 |
---------------+----------------------------------------+-----
Invocations    | 1 2 3 4 5 6 7 8 9 |  9.3
Short Blades   | 1 2 3 5 6 7 8 |  8.5
Long Blades    | 1 2 3 5 6 7 8 |  8.5
Axes           | 1 2 3 5 6 7 8 |  8.5
Maces & Flails | 1 2 3 5 6 7 8 |  8.5
Ranged Weapons | 1 2 3 5 6 7 8 |  8.5
Throwing       | 1 2 3 5 6 7 8 |  8.5
Dodging        | 1 2 3 5 6 7 8 |  8.5
Stealth        | 1 2 3 5 6 7 8 |  8.5
Shields        | 1 2 3 5 6 7 8 |  8.5
Unarmed Combat | 1 2 3 5 6 7 8 |  8.5
Spellcasting   | 1 2 3 5 6 7 8 |  8.5
Evocations     | 1 2 3 5 6 7 8 |  8.5
Conjurations   | 1 2 3 4 5 6 7 |  7.1
Hexes          | 1 2 3 4 5 6 7 |  7.1
Summonings     | 1 2 3 4 5 6 7 |  7.1
Necromancy     | 1 2 3 4 5 6 7 |  7.1
Translocations | 1 2 3 4 5 6 7 |  7.1
Transmutations | 1 2 3 4 5 6 7 |  7.1
Fire Magic     | 1 2 3 4 5 6 7 |  7.1
Ice Magic      | 1 2 3 4 5 6 7 |  7.1
Air Magic      | 1 2 3 4 5 6 7 |  7.1
Earth Magic    | 1 2 3 4 5 6 7 |  7.1
Poison Magic   | 1 2 3 4 5 6 7 |  7.1
Polearms       | 3 4 5 6 7 8 9 |  9.0
Fighting       | 7 8 9 10 | 10.8
Staves         | 7 8 9 10 | 10.8
Armour         | 7 8 9 10 | 10.8

Action                     |  1- 3 |  4- 6 |  7- 9 | 10-12 | 13-15 || total
---------------------------+-------+-------+-------+-------+-------++-------
  Melee: Quarterstaff      |    63 |   160 |   264 |   401 |    53 ||   941
         Bite              |     1 |    16 |    31 |    59 |     9 ||   116
   Fire: Sling             |       |    15 |       |     8 |       ||    23
  Throw: Stone             |       |    10 |       |     1 |       ||    11
   Cast: Momentum Strike   |       |       |       |       |     1 ||     1
 Invoke: Heal Other        |       |       |     9 |    48 |    17 ||    74
  Evoke: Wand              |       |     6 |     1 |       |     3 ||    10
         Phantom mirror    |       |       |       |       |     1 ||     1
    Use: Scroll            |       |    13 |     8 |     8 |     2 ||    31
         Potion            |       |       |     5 |     3 |     6 ||    14
   Stab: Sleeping          |       |       |     2 |     4 |       ||     6
 Armour: Scale mail        |    42 |    75 |    81 |    97 |       ||   295
         Skin              |       |       |    20 |    37 |    11 ||    68
         Ring mail         |       |       |       |    57 |    21 ||    78
  Dodge: Dodged            |    25 |    90 |   180 |   371 |    47 ||   713
